 Dungeon Crawl Stone Soup version 0.29.1-13-g9f3cf754e1 (webtiles) character file.

Game seed: 2742939151291833045

38 booth the Firebug (level 3, -1/24 HPs)
             Began as a Demonspawn Fire Elementalist on Jan 24, 2023.
             Slain by a hobgoblin (5 damage)
             ... led by Robin
             ... on level 2 of the Dungeon.
             The game lasted 00:08:55 (909 turns).

booth the Firebug (Demonspawn Fire Elementalist)     Turns: 909, Time: 00:08:56

Health: -1/24      AC:  3    Str:  8    XL:     3   Next: 25%
Magic:  3/6        EV: 12    Int: 18    God:
Gold:   42         SH:  0    Dex: 13    Spells: 5/6 levels left

rFire   . . .      SeeInvis .   k - +0 short sword
rCold   . . .      Faith    .   (no shield)
rNeg    . . .      Spirit   .   a - +0 robe
rPois   .          Reflect  .   (no helmet)
rElec   .          Harm     .   (no cloak)
rCorr   .          Rampage  .   (no gloves)
Will    .....                   d - +0 pair of boots
Stlth   ++........              (no amulet)
HPRegen 0.08/turn               (no ring)
MPRegen 0.10/turn               (no ring)

@: no status effects
A: hooves 1, powered by death 1
a: no special abilities


You were on level 2 of the Dungeon.
You visited 1 branch of the dungeon, and saw 2 of its levels.

You collected 42 gold pieces.

Inventory:

Hand Weapons
 f - a +1 antimagic short sword
 k - a +0 short sword (weapon)
Missiles
 h - a throwing net
Armour
 a - a +0 robe (worn)
 d - a +0 pair of boots (worn)
Potions
 b - a potion of magic
 c - a potion of heal wounds
 e - a potion of haste
 i - 2 potions of curing {unknown}
 m - a potion of brilliance {unknown}


   Skills:
 + Level 1.8 Dodging
 + Level 1.8 Stealth
 + Level 2.4 Spellcasting
 + Level 1.1 Conjurations
 + Level 3.5 Fire Magic


You had 5 spell levels left.
You knew the following spells:

 Your Spells              Type           Power      Damage    Failure   Level
a - Foxfire               Conj/Fire      40%        2x1d6     7%          1

Your spell library contained the following spells:

 Spells                   Type           Power      Damage    Failure   Level
 Scorch                   Fire           30%        2d7       6%          2
 Conjure Flame            Conj/Fire      10%        6-21      21%         3
 Inner Flame              Hex/Fire       8%         N/A       26%         3
 Gell's Gravitas          Tloc           2%         N/A       45%         3
 Teleport Other           Tloc           2%         N/A       45%         3
 Flame Wave               Conj/Fire      10%        2d6       54%         4
 Dispersal                Tloc           1%         N/A       100%        6


Dungeon Overview and Level Annotations

Branches:
Dungeon (2/15)

Altars:

Annotations:
D:2 Robin


Innate Abilities, Weirdness & Mutations

You have large cloven feet.
You regenerate a little health from kills.


Message History

The goblin closely misses you.
You hit the goblin.
You kill the goblin!
Items here: ))) †††.
Okay, then.
You see here a +0 club.
Robin and a hobgoblin come into view.
Robin is wielding a +0 spear and carrying a wand of flame (17).
The hobgoblin shouts!
You hear a shout!
Robin moves out of view.
The hobgoblin shouts!
Robin shouts!
Robin roars a battlecry!
The hobgoblins go into a battle-frenzy!
There is an open door here.
Casting: Foxfire (safe; 7% risk of failure)
Confirm with . or Enter, or press ? or * to list all spells.
You conjure some foxfire!
The foxfire hits the hobgoblin.
The hobgoblin is moderately wounded.
Robin drinks a potion.
Robin suddenly seems more resistant.
You hit the hobgoblin. Your punch misses the hobgoblin.
The hobgoblin is severely wounded.
You hit the hobgoblin.
You kill the hobgoblin!
The hobgoblin hits you but does no damage.
Casting: Foxfire (safe; 7% risk of failure)
Confirm with . or Enter, or press ? or * to list all spells.
You conjure some foxfire!
The hobgoblin closely misses you. x2
The foxfire hits Robin.
Robin completely resists.
Robin hits you from afar with a +0 spear.
The hobgoblin barely misses you. The hobgoblin hits you.
The hobgoblin attacks as you move away! The hobgoblin hits you.
The hobgoblin attacks as you move away! The hobgoblin hits you.
* * * LOW HITPOINT WARNING * * *
The hobgoblin attacks as you move away! The hobgoblin barely misses you.
The hobgoblin attacks as you move away! The hobgoblin hits you.
* * * LOW HITPOINT WARNING * * *
The hobgoblin attacks as you move away! The hobgoblin closely misses you.
The hobgoblin attacks as you move away! The hobgoblin hits you.
You die...

#.# #....##.# #..
#.# #....##.# #..
#.# #....##.###..
#.# #....##.....<
#.# #....########
#g# #............
#g# #....########
#g# #....# #@#
#....# #.# ######
#.# #)# #.#
#)################
#.................
##################


You could see Robin (resistant) and 2 hobgoblins.

Vanquished Creatures
  An adder (D:2)
  A dart slug (D:1)
  A bat (D:2)
  An endoplasm (D:1)
  A giant cockroach (D:1)
  6 goblins
  3 hobgoblins (D:2)
  2 quokkas (D:1)
  3 ball pythons (D:1)
  3 kobolds (D:1)
  2 rats (D:1)
24 creatures vanquished.

Vanquished Creatures (others)
  41 foxfires
41 creatures vanquished.

Grand Total: 65 creatures vanquished

Notes
Turn   | Place    | Note
-------+----------+-------------------------------------------
     0 | D:1      | booth the Demonspawn Fire Elementalist began the quest for
                  | the Orb.
     0 | D:1      | Reached XP level 1. HP: 13/13 MP: 3/3
   423 | D:1      | Reached skill level 3 in Fire Magic
   427 | D:1      | Gained mutation: You have large cloven feet. [demonic
                  | ancestry]
   427 | D:1      | Reached XP level 2. HP: 19/19 MP: 1/5
   838 | D:2      | Gained mutation: You regenerate a little health from kills.
                  | [demonic ancestry]
   838 | D:2      | Reached XP level 3. HP: 24/24 MP: 4/6
   888 | D:2      | Noticed Robin
   909 | D:2      | Slain by a hobgoblin

Illustrated notes

Levels and vault maps discovered:
D:1:      eino_arrival_cavern_a, layout_basic
D:2:      layout_basic, minmay_tromino_i2, uniq_terence, uniq_sigmund,
          uniq_robin

Skill      XL: |  1 |
---------------+----+-----
Fire Magic     | 3 |  3.5
Dodging        | |  1.8
Stealth        | |  1.8
Spellcasting   | |  2.4
Conjurations   | |  1.1

Action                   || total
-------------------------++-------
Melee: Short sword       ||    10
       Punch             ||     1
 Cast: Foxfire           ||    26
  Use: Scroll            ||     4
       Potion            ||     2
Armor: Robe              ||     1
Dodge: Dodged            ||    13
